 Dungeon Crawl Stone Soup version 0.29-a0-322-g68df515428 (webtiles) character file.

Game seed: 13059290730321616518

53 Ajdolov the Sneak (level 3, -1/29 HPs)
             Began as a Barachi Brigand on Apr 8, 2022.
             Slain by a gnoll
             ... wielding a +0 club
              (7 damage)
             ... on level 2 of the Dungeon.
             The game lasted 00:01:23 (740 turns).

Ajdolov the Sneak (Barachi Brigand)                  Turns: 740, Time: 00:01:23

Health: -1/29      AC:  3    Str: 12    XL:     3   Next: 89%
Magic:  3/3        EV: 12    Int: 11    God:
Gold:   4          SH:  0    Dex: 15    Spells: 2/2 levels left

rFire   . . .      SeeInvis .   a - +2 dagger
rCold   . . .      Faith    .   (no shield)
rNeg    . . .      Spirit   .   b - +0 robe
rPois   .          Reflect  .   (no helmet)
rElec   .          Harm     .   c - +0 cloak
rCorr   .          Rampage  .   (no gloves)
Will    .....                   (no boots)
Stlth   ++........              g - amulet of magic regeneration
HPRegen 0.09/turn               (no ring)
MPRegen 0.48/turn               (no ring)

@: unable to hop, slow
A: amphibious, slowness 1, strong legs 1, +LOS
a: Hop


You were on level 2 of the Dungeon.
You visited 1 branch of the dungeon, and saw 2 of its levels.

You collected 4 gold pieces.

Inventory:

Hand Weapons
 a - a +2 dagger (weapon)
Missiles
 d - 9 poisoned darts (quivered)
 e - 3 curare-tipped darts
Armour
 b - a +0 robe (worn)
 c - a +0 cloak (worn)
Jewellery
 g - an amulet of magic regeneration (around neck)
Scrolls
 f - a scroll of brand weapon {unknown}
 h - a scroll of amnesia {unknown}
Potions
 i - a potion of ambrosia {unknown}
 j - a potion of haste {unknown}


   Skills:
 + Level 3.4 Fighting
 - Level 2.1(2.9) Short Blades
 * Level 3.2(3.7) Long Blades
 - Level 2.0 Throwing
 - Level 1.1 Dodging
 - Level 3.6 Stealth


You had 2 spell levels left.
You didn't know any spells.
Your spell library contained the following spells:

 Spells                   Type           Power      Damage    Failure   Level
 Sandblast                Erth           0%         2d4       34%         1
 Passwall                 Tmut/Erth      0%         N/A       47%         2
 Stone Arrow              Conj/Erth      0%         3d7       71%         3


Dungeon Overview and Level Annotations

Branches:
Dungeon (1/15)

Altars:


Innate Abilities, Weirdness & Mutations

You are amphibious.
You cover ground slowly.
You can hop short distances.
You have an extended range of vision and can be seen from far away.


Message History

Press: ? - help, Q - select action, (/) - cycle Shift-Dir - straight line, f/p - gnoll
Aim: a gnoll, wielding a +0 halberd (heavily wounded, poisoned, 64% to hit)
You throw a poisoned dart. The poisoned dart hits the gnoll.
The gnoll looks even sicker.
The gnoll is lightly wounded.
The gnoll hits you from afar with a +0 spear.
The gnoll hits you from afar with a +0 halberd!
* * * LOW HITPOINT WARNING * * *
Unknown command.
Throw: 11 darts (poison)
Press: ? - help, Q - select action, (/) - cycle Shift-Dir - straight line, f/p - gnoll
Aim: a gnoll, wielding a +0 halberd (heavily wounded, poisoned, 64% to hit)
Okay, then.
Hop to where?
Press: ? - help, Dir - move target, p - gnoll Boing!
The gnoll looks more healthy.
Throw: 11 darts (poison)
Press: ? - help, Q - select action, (/) - cycle Shift-Dir - straight line, f - gnoll
Aim: a gnoll, wielding a +0 club (moderately wounded, very poisoned, 64% to hit)
You throw a poisoned dart.
The poisoned dart closely misses the gnoll.
The poisoned dart hits the gnoll.
The gnoll is poisoned.
The gnoll is heavily wounded.
You kill the gnoll!
Throw: 10 darts (poison)
Press: ? - help, Q - select action, (/) - cycle Shift-Dir - straight line, f/p - gnoll
Aim: a gnoll, wielding a +0 club (moderately wounded, poisoned, 64% to hit)
You throw a poisoned dart. The poisoned dart hits the gnoll.
The gnoll looks even sicker.
The gnoll is moderately wounded.
The gnoll closely misses you.
You hit the gnoll.
The gnoll is severely wounded.
You hit the gnoll but do no damage.
The gnoll is severely wounded.
Unknown command.
You closely miss the gnoll.
The gnoll is almost dead.
The gnoll hits you with a +0 club!
You die...

#########.######.######.###
..........................#
#.#######..#####.######.###
.......##..# #.# #.#
...........#####.### #.#
..####.............# #.#
..####...........#.# #.#
...................####.#
................@g......#
......................#.#
#######
...###.....##..gg#.##.#.#
#.).).. ...#
#.....##.......#.#.# #.#####
...#
#..........(.......###.#####
....
............................
.#.#
...........#..#.#)###.##.##
.#.#
...........##.#.#.###.##.#
....
.........)..........#.##.#


You could see 3 gnolls.

Vanquished Creatures
  5 gnolls (D:2)
  An endoplasm (D:1)
  A goblin (D:2)
  A frilled lizard (D:1)
  3 rats
11 creatures vanquished.

Notes
Turn   | Place    | Note
-------+----------+-------------------------------------------
     0 | D:1      | Ajdolov the Barachi Brigand began the quest for the Orb.
     0 | D:1      | Reached XP level 1. HP: 17/17 MP: 1/1
   124 | D:1      | You fall into a shaft and drop 1 floor!
   197 | D:2      | Reached skill level 1 in Long Blades
   201 | D:2      | Reached XP level 2. HP: 15/23 MP: 2/2
   210 | D:2      | Reached XP level 3. HP: 11/29 MP: 3/3
   740 | D:2      | Slain by a gnoll

Illustrated notes

Levels and vault maps discovered:
D:1:      beargit_arrival_greenhouse, layout_loops_ring,
          ebering_ecumenical_altar_mist
D:2:      layout_basic, minmay_fountain_box, uniq_natasha

Skill      XL: |  1  2  3 |
---------------+----------+-----
Long Blades    | 1 2 3 |  3.2
Fighting       | 3 |  3.4
Short Blades   | |  2.1
Throwing       | |  2.0
Dodging        | |  1.1
Stealth        | |  3.6

Action                   || total
-------------------------++-------
Melee: Dagger            ||    35
Throw: Dart              ||     8
 Abil: Hop               ||     1
 Stab: Sleeping          ||     2
Armor: Robe              ||     4
Dodge: Dodged            ||    30

Table legend: (Time is in decaauts)
 A = Elapsed time spent in this place.
 B = Non-inter-level travel time spent in this place.
 C = Inter-level travel time spent in this place.
 D = Time resting spent in this place.
 E = Time spent auto-exploring this place.
 F = Levels seen in this place.
 G = Mean time per level.
                   A        B        C        D        E       F      G
               +--------+--------+--------+--------+--------+-----+--------+
         Total |    785 |    785 |      0 |    193 |    404 |   2 |  392.5 |
       Dungeon |    785 |    785 |      0 |    193 |    404 |   2 |  392.5 |
               +--------+--------+--------+--------+--------+-----+--------+

Top non-repeatable levels by time:
     D:2: 645 daAuts
     D:1: 140 daAuts
